 Dungeon Crawl Stone Soup version 0.32-a0-411-g744942f433 (webtiles) character file.

Game seed: 5221675041106633929

140 BubbleThief the Sneak (level 5, -7/35 HPs)
             Began as a Vampire Enchanter on Feb 20, 2024.
             Mangled by an orc
             ... wielding a +0 morningstar
              (8 damage)
             ... on level 2 of the Dungeon.
             The game lasted 00:02:35 (1973 turns).

BubbleThief the Sneak (Vampire Enchanter)           Turns: 1973, Time: 00:02:35

Health: -7/35      AC:  4    Str:  7    XL:     5   Next: 2%
Magic:  6/8        EV: 12    Int: 17    God:
Gold:   113        SH:  0    Dex: 17    Spells: 6/8 levels left

rFire   . . .        n - +1 short sword (protect)
rCold   . . .        (no shield)
rNeg    . . .        b - +0 robe
rPois   .            (no helmet)
rElec   .            o - +0 cloak
rCorr   .            j - +0 pair of gloves
SInv    +            (no boots)
Will    .....        (no amulet)
Stlth   +++          (no ring)
HPRegen 0.45/turn    (no ring)
MPRegen 0.11/turn

%: no passive effects
@: healing quickly
A: alive, fangs 3, see invisible, vampiric 2
a: Exsanguinate


You were on level 2 of the Dungeon.
You visited 1 branch of the dungeon, and saw 3 of its levels.

You collected 113 gold pieces.

Inventory:

Hand Weapons
 n - a +1 short sword of protection (weapon)
Armour
 b - a +0 robe (worn)
 f - a +0 buckler
 j - a +0 pair of gloves (worn)
 o - a +0 cloak (worn)
Scrolls
 d - 3 scrolls of identify {unknown}
 k - 2 scrolls of fog {unknown}
 l - a scroll of poison {unknown}
Potions
 a - a potion of lignification {unknown}
 c - 3 potions of invisibility
 e - 3 potions of heal wounds {unknown}
 g - a potion of berserk rage {unknown}
 h - a potion of brilliance {unknown}
 i - a potion of degeneration {unknown}
 m - a potion of ambrosia {unknown}


   Skills:
 + Level 3.2 Short Blades
 - Level 2.1 Dodging
 + Level 6.2 Stealth
 - Level 2.0 Spellcasting
 + Level 5.9 Hexes


You had 6 spell levels left.
You knew the following spells:

 Your Spells              Type           Power      Damage    Failure   Level
a - Ensorcelled Hibernat  Hex/Ice        22%        N/A       9%          2

Your spell library contained the following spells:

 Spells                   Type           Power      Damage    Failure   Level
 Confusing Touch          Hex            22%        N/A       4%          3
 Tukima's Dance           Hex            22%        N/A       4%          3
 Dazzling Flash           Conj/Hex       22%        N/A       17%         3


Dungeon Overview and Level Annotations

Branches:
Dungeon (3/15)

Altars:


Innate Abilities, Weirdness & Mutations

Your natural rate of healing is accelerated.
You have razor-sharp teeth.
You have supernaturally acute eyesight. (SInv)
You are afflicted with vampirism and can become a bat while bloodless.


Message History

The hobgoblin is moderately wounded.
The hobgoblin hits you.
An orc comes into view. It is wielding a +0 flail.
The orc throws a boomerang.
The boomerang barely misses you.
An orc comes into view. It is wielding a +0 dagger.
The orc shouts!
You hit the hobgoblin.
You kill the hobgoblin!
You hear a shout!
A goblin comes into view. It is wielding a +0 club.
You barely miss the orc. The orc closely misses you.
You closely miss the orc. The orc hits you but does no damage.
An orc comes into view. It is wielding a +0 dagger.
The orc hits you with a +0 morningstar. The orc barely misses you.
The orc hits you with a +0 club.
There is a stone staircase leading up, spattered with blood here.
The orc hits you with a +0 morningstar! The orc barely misses you.
The orc hits you with a +0 club.
You climb upwards.
There is a stone staircase leading down here.
Unknown command.
You are too injured to fight recklessly!
You are too injured to fight recklessly!
You are too injured to fight recklessly!
Casting: Ensorcelled Hibernation (safe; 9% risk of failure)
Confirm with . or Enter, or press ? or * to list all spells.
Aiming: Ensorcelled Hibernation (safe; 9% risk of failure)
Press: ? - help, Shift-Dir - straight line, f - orc
Aim: an orc, wielding a +0 morningstar and wearing a +0 ring mail (chance to affect: 62%)
The orc resists with significant effort.
The orc hits you with a +0 morningstar!
* * * LOW HITPOINT WARNING * * *
The orc hits you with a +0 dagger.
* * * LOW HITPOINT WARNING * * *
The orc hits you with a +0 club.
* * * LOW HITPOINT WARNING * * *
Unknown command.
The orc attacks as it pursues you! The orc hits you with a +0 morningstar!
You die...

...# ♣♣.♣ #.♣#♣.♣.♣.♣.♣.....#.
...# ♣.♣♣ #....###.##.........
...# ♣♣♣..♣ ###.........##....##
.### ♣....♣ #...................
..# #....# ##..................
#.## #....###....#...#####.#####
#..# #..............####......#.
##.# ##......o>o#.### #.......#.
##.#####......o.@..#####.......#.
##..##............###..........#.
###.##..#.............###......##
........####..##...###......####.
......#.♣♣♣♣♣♣#..).# #.#.........
......#.........#..###.#.........
.<..#...♣♣♣♣♣♣...<..#....=.......
.......)...# ##.##.....#.........
..........#####.###..........♣♣♣♣


You could see 3 orcs.

Vanquished Creatures
  Crazy Yiuf (D:2)
  An adder (D:3)
  2 ribbon worms (D:2)
  2 dart slugs
  4 ball pythons
  7 endoplasms
  A giant cockroach (D:1)
  4 goblins
  6 hobgoblins
  6 jackals
  6 kobolds
  4 quokkas
  A bat (D:2)
  4 frilled lizards
  2 rats (D:1)
51 creatures vanquished.

Notes
Turn   | Place    | Note
-------+----------+-------------------------------------------
     0 | D:1      | BubbleThief the Vampire Enchanter began the quest for the
                  | Orb.
     0 | D:1      | Reached XP level 1. HP: 13/13 MP: 3/3
    36 | D:1      | Reached XP level 2. HP: 9/19 MP: 5/5
   103 | D:1      | Learned a level 2 spell: Ensorcelled Hibernation
   225 | D:1      | Reached skill level 5 in Stealth
   262 | D:1      | Reached skill level 5 in Hexes
   510 | D:1      | Gained mutation: You are afflicted with vampirism and can
                  | become a bat while bloodless. [Vampire growth]
   510 | D:1      | Reached XP level 3. HP: 19/24 MP: 6/6
  1317 | D:2      | Reached XP level 4. HP: 28/30 MP: 7/7
  1833 | D:2      | Found a runed translucent door.
  1834 | D:2      | Noticed Crazy Yiuf
  1843 | D:2      | Killed Crazy Yiuf
  1844 | D:2      | Reached skill level 6 in Stealth
  1957 | D:3      | Reached XP level 5. HP: 35/35 MP: 8/8
  1972 | D:2      | HP: 1/35 [orc/+0 club (3)]
  1973 | D:2      | Mangled by an orc

Illustrated notes

Levels and vault maps discovered:
D:1:      moated_graveyard_arrival, layout_basic
D:2:      layout_rooms, serial_forest, infiniplex_forest_clump_double,
          infiniplex_forest_end_2, infiniplex_forest_lined_ring,
          infiniplex_forest_lined_3, infiniplex_forest_clump_small,
          infiniplex_forest_clump_medium, infiniplex_forest_straight_2,
          infiniplex_forest_end_3, infiniplex_forest_zigzag_2,
          uniq_crazy_yiuf_cottage
D:3:      layout_rooms, nicolae_gozag_seed_capital,
          grunt_temple_overflow_diamond, hellmonk_ecumenical_altar_run_dry

Skill      XL: |  1  2  3  4 |
---------------+-------------+-----
Stealth        | 5 6 |  6.2
Short Blades   | 2 3 |  3.2
Hexes          | 5 |  5.9
Dodging        | |  2.1
Spellcasting   | |  2.0

Action                     |  1- 3 |  4- 6 || total
---------------------------+-------+-------++-------
  Melee: Dagger            |   111 |    25 ||   136
         Bite              |     4 |     4 ||     8
         Short sword       |       |    32 ||    32
   Cast: Ensorcelled Hiber |       |     7 ||     7
   Stab: Sleeping          |    13 |     5 ||    18
 Armour: Robe              |    44 |    37 ||    81
  Dodge: Dodged            |    56 |    25 ||    81

Table legend: (Time is in decaauts)
 A = Elapsed time spent in this place.
 B = Non-inter-level travel time spent in this place.
 C = Inter-level travel time spent in this place.
 D = Time resting spent in this place.
 E = Time spent auto-exploring this place.
 F = Levels seen in this place.
 G = Mean time per level.
                   A        B        C        D        E       F      G
               +--------+--------+--------+--------+--------+-----+--------+
         Total |   1952 |   1808 |    144 |      0 |   1419 |   3 |  650.7 |
       Dungeon |   1952 |   1808 |    144 |      0 |   1419 |   3 |  650.7 |
               +--------+--------+--------+--------+--------+-----+--------+

Top non-repeatable levels by time:
     D:1: 1194 daAuts
     D:2: 732 daAuts
     D:3: 25 daAuts
